 Dungeon Crawl Stone Soup version 0.32-a0-7-ge934b45 (webtiles) character file.

Game seed: 6626858287528885313

9103 yaymichael the Geomancer (level 11, 0/88 HPs)
             Began as a Formicid Earth Elementalist on Jan 13, 2024.
             Was a High Priest of Okawaru.
             Slain by a boulder beetle (8 damage)
             ... on level 10 of the Dungeon.
             The game lasted 00:49:26 (13085 turns).

yaymichael the Geomancer (FoEE)                    Turns: 13085, Time: 00:49:28

Health: 0/88       AC: 11    Str: 22    XL:     11   Next: 68%
Magic:  22/22      EV: 13    Int: 14    God:    Okawaru [*****.]
Gold:   355        SH:  0    Dex: 12    Spells: 7/25 levels left

rFire   + + +        e - +2 morningstar (holy)
rCold   . . .        (no shield)
rNeg    . . .        k - +1 troll leather armour
rPois   +            (helmet unavailable)
rElec   .            B - +0 cloak of Beogh's Delight {rF+++ Str+4}
rCorr   .            (no gloves)
SInv    +            h - +2 pair of boots
Will    +....        r - amulet of the acrobat
Stlth   ++           y - ring of poison resistance
HPRegen 1.14/turn    (no ring)
MPRegen 0.18/turn

%: acrobat
@: mighty
A: permanent stasis, dig shafts and tunnels, antennae 3, four strong arms,
iridescent scales 1, clumsy 1, robust 1, sturdy frame 1
a: Dig, Shaft Self, Renounce Religion, Heroism, Finesse, Duel


You were on level 10 of the Dungeon.
You worshipped Okawaru.
Okawaru was extremely pleased with you.
You visited 2 branches of the dungeon, and saw 13 of its levels.

You collected 485 gold pieces.
You spent 130 gold pieces at shops.

Inventory:

Hand Weapons
 c - a +0 dagger
 e - a +2 morningstar of holy wrath (weapon)
 s - a +1 great mace
 w - a +0 battleaxe
 D - a +3 falchion
 F - a +3 dagger
Missiles
 d - 6 curare-tipped darts (quivered)
 z - 35 poisoned darts
Armour
 h - a +2 pair of boots (worn)
 k - a +1 troll leather armour (worn)
 v - the +4 ring mail of the Kangaroo {rC- Str+4}
   (You found it on level 7 of the Dungeon)

   Str+4:     It affects your strength (+4).
   rC-:       It makes you vulnerable to cold.
 x - a +0 kite shield
 B - the +0 cloak of Beogh's Delight (worn) {rF+++ Str+4}
   (You found it on level 7 of the Dungeon)

   Str+4:     It affects your strength (+4).
   rF+++:     It renders you almost immune to fire.
 C - +0 acid dragon scales
Jewellery
 g - an amulet of faith
 r - an amulet of the acrobat (around neck)
 y - a ring of poison resistance (left hand)
Talismans
 b - a serpent talisman
 f - a beast talisman
 o - a beast talisman
Wands
 p - a wand of flame (28)
 t - a wand of iceblast (4)
Scrolls
 l - 2 scrolls of immolation
 n - 6 scrolls of amnesia
 A - a scroll of poison
Potions
 a - a potion of curing
 u - a potion of enlightenment
 E - a potion of cancellation {unknown}
 G - a potion of brilliance


   Skills:
 * Level 5.2 Fighting
 - Level 1.2 Short Blades
 * Level 6.9 Maces & Flails
 * Level 5.2 Armour
 - Level 5.0 Dodging
 - Level 4.3 Stealth
 * Level 2.2 Shields
 * Level 7.8 Spellcasting
 + Level 2.7 Conjurations
 * Level 9.0 Earth Magic
 * Level 2.5 Alchemy
 * Level 5.1 Invocations
 + Level 1.7 Evocations
 * Level 5.1 Shapeshifting


You had 7 spell levels left.
You knew the following spells:

 Your Spells              Type           Power      Damage    Failure   Level
a - Sandblast             Erth           60%        2d14      1%          1
b - Passwall              Erth           30%        N/A       1%          3
c - Stone Arrow           Conj/Erth      42%        3d9       3%          3
d - Foxfire               Conj/Fire      36%        2x1d5     8%          1
e - Brom's Barrelling Bo  Conj/Erth      21%        2d4       12%         4
f - Mephitic Cloud        Conj/Alch/Air  10%        N/A       19%         3
g - Hailstorm             Conj/Ice       9%         3d6       22%         3

Your spell library contained the following spells:

 Spells                   Type           Power      Damage    Failure   Level
 Petrify                  Alch/Erth      21%        N/A       12%         4
 Jinxbite                 Hex            10%        N/A       21%         2
 Dazzling Flash           Conj/Hex       18%        N/A       22%         3
 Fugue of the Fallen      Necr           5%         N/A       36%         3
 Inner Flame              Hex/Fire       5%         N/A       36%         3
 Ozocubu's Armour         Ice            5%         N/A       36%         3
 Flame Wave               Conj/Fire      9%         2d6       58%         4
 Sticky Flame             Fire/Alch      9%         2d5       61%         4
 Manifold Assault         Tloc           5%         N/A       78%         4
 Arcjolt                  Conj/Air       4%         1d14      91%         5
 Yara's Violent Unravell  Hex/Alch       4%         3d4       91%         5
 Curse of Agony           Necr           5%         N/A       98%         5
 Silence                  Hex/Air        2%         N/A       98%         5
 Eringya's Noxious Bog    Alch           6%         4d6       100%        6
 Plasma Beam              Fire/Air       2%         2x1d12    100%        6
 Starburst                Conj/Fire      4%         6d4       100%        6
 Enfeeble                 Hex            2%         N/A       100%        7
 Summon Ice Beast         Ice/Summ       Unusable   N/A       N/A         3
 Vhi's Electric Charge    Tloc/Air       Unusable   N/A       N/A         4
 Summon Forest            Summ/Tloc      Unusable   N/A       N/A         5
 Sculpt Simulacrum        Ice/Alch       Unusable   N/A       N/A         6
 Summon Hydra             Summ           Unusable   N/A       N/A         7

Dungeon Overview and Level Annotations

Branches:
Dungeon (12/15)            Temple (1/1) D:4            Lair (0/5) D:9
    Orc (0/2) D:10

Altars:
Ashenzari
Cheibriados
Dithmenos
Fedhas
Gozag
Kikubaaqudgha
Makhleb
Nemelex Xobeh
Okawaru
Qazlal
Sif Muna
Trog
Uskayaw
Vehumet
Wu Jian
Xom
Yredelemnul
Zin
The Shining One

Shops:
D:6 ?

Portals:
Abyss: D:8

Annotations:
D:3 Grinder
D:8 2 transporters, ironshield's ghost, novice HOFi
D:12 Kirke


Innate Abilities, Weirdness & Mutations

You cannot be hasted, slowed, berserked, paralysed or teleported.
You can dig through walls and to a lower floor.
You have a pair of large antennae on your head. (SInv)
Your four strong arms can wield two-handed weapons with a shield.
You are partially covered in iridescent scales. (AC +2)
You are clumsy. (Dex -2)
You are robust. (+10% HP)
Your movements are slightly less encumbered by armour. (ER -2)


Message History

The boulder beetle completely misses you.
The yak closely misses you.
There is a stone staircase leading down, spattered with blood here.
Unknown command.
The orc hits you with a +0 short sword.
The orc warrior hits you with a +0 halberd!
The yak gores you. The boulder beetle closely misses you. The yak misses you.
You climb downwards.
There is a stone staircase leading up here.
Unknown command.
Unknown command.
Okay, then.
Okay, then.
Press: ? - help, v - describe, . - travel
Here: a boulder beetle The floor.
Unknown command.
You feel very mighty all of a sudden. The orc barely misses you.
The orc warrior barely misses you. The yak barely misses you.
The boulder beetle bites you!! The yak barely misses you.
Unknown command.
Okay, then.
You feel much better. The orc hits you but does no damage.
The orc warrior hits you with a +0 halberd.
The yak gores you but does no damage. The boulder beetle bites you!!
The yak gores you.
* * * LOW HITPOINT WARNING * * *
Unknown command.
Okay, then.
Okay, then.
Okay, then.
The air fills with toxic fumes!
As you read the scroll of poison, it crumbles to dust.
The orc hits you with a +0 short sword.
* * * LOW HITPOINT WARNING * * *
The orc warrior hits you with a +0 halberd!
* * * LOW HITPOINT WARNING * * *
The yak closely misses you. The boulder beetle bites you!
You die...

####.#............##.#..#
#.#
........)...#.....##.#..#
#.#
####.#.####.#.....##.#..#
#.#
.....#.#........####.#..#
#.#
######.#.##........#.#..#
#.# ...#
#.#.##....###.#§#..# #.#
##.# #.#.##§.......§§#..#
#.# #.#
#.#.##§§§####§§§#..# #.#
##.# #.#.##§§§§B@o§§§##.#
#.# ...#
#.#..#§§§§YoY§§§##.# #.#
##.#
#.##.#§#§####§§§#########.#
#.#
#.....§§.....§§§§§§.......#
#.#
####.#§#.####.#############
#.# #.[..#.#.# #.# #.#
#.####.#.# #.# #.#
#.####...####.# #.#
#.............#


You could see a boulder beetle, 2 yaks, an orc warrior and an orc.

Vanquished Creatures
  3 two-headed ogres
  A deep elf pyromancer (D:12)
  2 unseen horrors (D:12)
  3 trolls
  A hornet (D:8)
  A water elemental (D:11)
  A shadow (D:10)
  6 yaks
  A wyvern (D:9)
  A wraith (D:9)
  A hog (D:11)
  4 steam dragons
  An acid dragon (D:10)
  A water moccasin (D:6)
  4 orc warriors
  A sky beast (D:7)
  3 black bears
  An ice beast (D:6)
  An ogre (D:7)
  A centaur (D:6)
  A phantom (D:4)
  A kobold brigand (D:10)
  2 bullfrogs
  2 scorpions
  2 gnoll sergeants
  10 killer bees
  A howler monkey (D:8)
  5 hounds
  A jelly (D:6)
  2 orc priests
  A gnoll bouda (D:9)
  4 iguanas
  16 orc wizards
  4 sleepcaps
  8 gnolls
  8 adders
  A shadow imp (D:6)
  A white imp (D:6)
  A ribbon worm (D:4)
  2 dart slugs
  50 orcs
  7 ball pythons
  4 bats
  9 endoplasms
  4 giant cockroaches
  5 goblins
  13 hobgoblins
  5 jackals (D:1)
  10 kobolds
  4 quokkas
  3 frilled lizards
  3 rats
228 creatures vanquished.

Vanquished Creatures (collateral kills)
  5 boulders
5 creatures vanquished.

Vanquished Creatures (others)
  3 boulders
3 creatures vanquished.

Grand Total: 236 creatures vanquished

Notes
Turn   | Place    | Note
-------+----------+-------------------------------------------
     0 | D:1      | yaymichael the Formicid Earth Elementalist began the quest
                  | for the Orb.
     0 | D:1      | Reached XP level 1. HP: 13/13 MP: 3/3
   183 | D:1      | Reached XP level 2. HP: 13/19 MP: 5/5
   524 | D:1      | Reached XP level 3. HP: 16/25 MP: 6/6
   537 | D:1      | Reached skill level 4 in Earth Magic
   543 | D:1      | Learned a level 3 spell: Passwall
   619 | D:1      | Reached skill level 1 in Fighting
   937 | D:2      | Found a shimmering altar of Xom.
  1203 | D:2      | Reached XP level 4. HP: 28/32 MP: 3/7
  1209 | D:2      | Learned a level 3 spell: Stone Arrow
  1473 | D:2      | Found a faded altar of an unknown god.
  2233 | D:3      | Gained mutation: Your magical capacity is low. (-10% MP)
                  | [potion of mutation]
  2233 | D:3      | Gained mutation: Your health recovers twice as slowly from
                  | being drained. [potion of mutation]
  2233 | D:3      | Gained mutation: Your mind is acute. (Int +4, Str/Dex -1)
                  | [potion of mutation]
  2233 | D:3      | Gained mutation: Your flesh is heat resistant. (rF+)
                  | [potion of mutation]
  2576 | D:3      | Noticed Grinder
  2580 | D:3      | You fall into a shaft and drop 1 floor!
  2647 | D:4      | Reached skill level 1 in Short Blades
  2647 | D:4      | Reached skill level 1 in Armour
  2647 | D:4      | Reached XP level 5. HP: 38/38 MP: 4/7
  2890 | D:4      | Noticed a phantom
  2910 | D:4      | Killed a phantom
  2911 | D:4      | Reached XP level 6. HP: 34/44 MP: 2/9
  3042 | D:4      | Reached skill level 1 in Maces & Flails
  3267 | D:4      | Found a staircase to the Ecumenical Temple.
  3327 | Temple   | Entered the Ecumenical Temple
  3342 | Temple   | Became a worshipper of Warmaster Okawaru
  3499 | D:4      | Reached skill level 5 in Earth Magic
  3499 | D:4      | Reached XP level 7. HP: 47/51 MP: 2/10
  3770 | D:4      | Found an ancient bone altar of Kikubaaqudgha.
  3902 | D:5      | Entered Level 5 of the Dungeon
  4427 | D:5      | Reached * piety under Okawaru
  4922 | D:6      | Noticed a water moccasin
  4935 | D:6      | Killed a water moccasin
  4936 | D:6      | Reached XP level 8. HP: 15/57 MP: 8/13
  5125 | D:6      | Found Apoesidu's Magic Scroll Shoppe.
  5130 | D:6      | Bought 2 scrolls of identify for 52 gold pieces
  5130 | D:6      | Bought a scroll of identify for 26 gold pieces
  5130 | D:6      | Bought a scroll of identify for 26 gold pieces
  5130 | D:6      | Bought a scroll of identify for 26 gold pieces
  5168 | D:6      | Reached skill level 1 in Conjurations
  5441 | D:6      | Reached skill level 1 in Shapeshifting
  5536 | D:6      | Reached skill level 6 in Earth Magic
  5677 | D:6      | Learned a level 1 spell: Foxfire
  5757 | D:6      | Reached skill level 1 in Invocations
  5942 | D:6      | Reached ** piety under Okawaru
  5993 | D:6      | Reached skill level 5 in Spellcasting
  6086 | D:6      | Learned a level 4 spell: Brom's Barrelling Boulder
  6214 | D:7      | Found a stormy altar of Qazlal.
  6452 | D:7      | Reached XP level 9. HP: 39/64 MP: 15/15
  6749 | D:7      | Identified the +0 cloak of Beogh's Delight {rF+++ Str+4}
  6896 | D:7      | Identified the +4 ring mail of the Kangaroo {rC- Str+4}
  7334 | D:7      | Found a sparkling altar of Nemelex Xobeh.
  7411 | D:7      | Reached *** piety under Okawaru
  7491 | D:7      | Reached skill level 7 in Earth Magic
  7697 | D:8      | Noticed a two-headed ogre
  7728 | D:8      | Killed a two-headed ogre
  7728 | D:8      | Reached **** piety under Okawaru
  7844 | D:8      | Reached skill level 5 in Maces & Flails
  7874 | D:8      | Noticed a hornet
  7880 | D:8      | Killed a hornet
  7881 | D:8      | Reached XP level 10. HP: 47/72 MP: 7/17
  8035 | D:8      | Found a transporter.
  8066 | D:8      | Noticed a toenail golem
  8135 | D:8      | Noticed ironshield's ghost (novice HOFi)
  8140 | D:8      | Noticed a two-headed ogre
  8148 | D:8      | Killed a two-headed ogre
  8149 | D:8      | Reached skill level 1 in Evocations
  8186 | D:8      | Identified the +1 leather armour "Earthly Heaven" {+Blink
                  | Dex+2}
  8650 | D:8      | Learned a level 3 spell: Mephitic Cloud
  8963 | D:8      | Found a transporter.
  8985 | D:8      | Found a one-way gate to the infinite horrors of the Abyss.
  9161 | D:9      | Noticed a two-headed ogre
  9318 | D:9      | Found a hide-covered altar of Uskayaw.
  9361 | D:9      | Reached ***** piety under Okawaru
  9368 | D:9      | You fall into a shaft and drop 1 floor!
  9368 | D:10     | Entered Level 10 of the Dungeon
  9612 | D:10     | Found a staircase to the Orcish Mines.
  9647 | D:10     | Reached skill level 8 in Earth Magic
 10096 | D:9      | Found a staircase to the Lair.
 10204 | D:9      | Reached skill level 5 in Dodging
 10307 | D:9      | Reached XP level 11. HP: 71/78 MP: 9/19
 10308 | D:9      | Noticed a boulder beetle
 10324 | D:9      | Noticed a four-headed hydra
 10329 | D:9      | You fall into a shaft and drop 3 floors!
 10495 | D:12     | Learned a level 3 spell: Hailstorm
 10496 | D:12     | Lost mutation: Your magical capacity is low. (-10% MP)
                  | [potion of mutation]
 10496 | D:12     | Lost mutation: Your mind is acute. (Int +4, Str/Dex -1)
                  | [potion of mutation]
 10496 | D:12     | Lost mutation: Your flesh is heat resistant. (rF+) [potion
                  | of mutation]
 10496 | D:12     | Gained mutation: You are clumsy. (Dex -2) [potion of
                  | mutation]
 10496 | D:12     | Gained mutation: You are strong-willed. (Will+) [potion of
                  | mutation]
 10497 | D:12     | Lost mutation: You are strong-willed. (Will+) [potion of
                  | mutation]
 10497 | D:12     | Lost mutation: Your health recovers twice as slowly from
                  | being drained. [potion of mutation]
 10497 | D:12     | Gained mutation: You are robust. (+10% HP) [potion of
                  | mutation]
 10497 | D:12     | Gained mutation: You are partially covered in iridescent
                  | scales. (AC +2) [potion of mutation]
 10497 | D:12     | Gained mutation: Your movements are slightly less
                  | encumbered by armour. (ER -2) [potion of mutation]
 10613 | D:12     | Reached skill level 1 in Alchemy
 10884 | D:12     | Reached skill level 5 in Fighting
 11038 | D:12     | Noticed a deep elf pyromancer
 11050 | D:12     | Killed a deep elf pyromancer
 11051 | D:12     | Reached skill level 1 in Shields
 11278 | D:12     | Noticed Kirke
 11297 | D:11     | Reached skill level 5 in Armour
 11344 | D:11     | Reached skill level 5 in Shapeshifting
 12314 | D:10     | Reached skill level 5 in Invocations
 12401 | D:10     | Noticed a two-headed ogre
 12416 | D:10     | Killed a two-headed ogre
 12417 | D:10     | Reached skill level 9 in Earth Magic
 12751 | D:10     | Found a snail-covered altar of Cheibriados.
 13040 | D:11     | Noticed a cyclops
 13041 | D:11     | Noticed a skeletal warrior
 13042 | D:11     | Noticed a skeletal warrior
 13085 | D:10     | Slain by a boulder beetle

Illustrated notes

Levels and vault maps discovered:
D:1:      giann_horns, layout_loops_ring
D:2:      layout_loops_ring, basic_altar, shapermc_ecumenical_altar_hornbeckon,
          serial_park_tiny_2, palyth_stone_intersect
D:3:      minmay_thinvault, layout_basic, hangedman_abyss_or_decor_stabs,
          uniq_grinder
D:4:      layout_loops_ring, lemuel_coloured_pillars_altar,
          minmay_temple_entry_statues_fountains, minmay_strange_pillars,
          minmay_fractal_squares_gapless_5
D:5:      layout_loops_cross
D:6:      layout_basic, serial_shops, shop_scrolls
D:7:      layout_cave_pods, nemelex_dance_club_becter,
          mainiacjoe_overflow_alcove_4, minmay_misc_feat_hallway
D:8:      layout_loops_corners, gammafunk_ghost_abyssal_escape
D:9:      minmay_the_grid_triangle_9x9_recursive_2
          [minmay_the_grid_triangle_9x9_prize_insulated,
          minmay_the_grid_triangle_9x9_warning,
          minmay_the_grid_triangle_9x9_limited_checkers,
          minmay_the_grid_triangle_9x9_dagger], layout_gridville,
          nicolae_overflow_two_pavilions, nicolae_uskayaw_dance_hall,
          mainiacjoe_overflow_catwalk, dpeg_oklobed_lair,
          hangedman_minor_gate_pass
D:10:     layout_basic, mainiacjoe_overflow_alcove_2, orc_0_dummy
D:11:     layout_basic
D:12:     layout_roguey, hangedman_decor_growths, minmay_misc_feat_doors,
          trog_ov_bears_minmay, uniq_kirke, uniq_lodul
Temple:   compressed_dpeg_circular_temple

Skill      XL: |  1  2  3  4  5  6  7  8  9 10 11 |
---------------+----------------------------------+-----
Dodging        | 2 3 4 5 |  5.0
Earth Magic    | 4 5 6 7 8 9 |  9.0
Fighting       | 1 2 3 4 5 |  5.2
Stealth        | 3 4 |  4.3
Short Blades   | 1 |  1.2
Armour         | 1 2 3 4 5 |  5.2
Maces & Flails | 1 2 3 5 6 |  6.9
Spellcasting   | 3 4 5 6 7 |  7.8
Conjurations   | 1 2 |  2.7
Shapeshifting  | 1 2 4 5 |  5.1
Invocations    | 1 3 4 5 |  5.1
Evocations     | 1 |  1.7
Alchemy        | 2 |  2.5
Shields        | 2 |  2.2

Action                     |  1- 3 |  4- 6 |  7- 9 | 10-12 || total
---------------------------+-------+-------+-------+-------++-------
  Melee: Dagger            |   118 |    98 |       |       ||   216
         Punch             |     2 |       |     2 |     3 ||     7
         Great mace        |       |    44 |    30 |       ||    74
         Morningstar       |       |       |    66 |   118 ||   184
   Cast: Sandblast         |    18 |    32 |    46 |    19 ||   115
         Stone Arrow       |       |     2 |    50 |   108 ||   160
         Brom's Barrelling |       |       |       |     9 ||     9
         Mephitic Cloud    |       |       |       |     1 ||     1
 Invoke: Heroism           |       |       |       |     3 ||     3
Ability: Shaft Self        |       |     1 |       |     2 ||     3
         Dig               |       |       |     1 |       ||     1
  Evoke: Wand              |       |       |    11 |    12 ||    23
    Use: Scroll            |       |     7 |     8 |     8 ||    23
         Potion            |       |     2 |     3 |    13 ||    18
   Stab: Sleeping          |     4 |     6 |     4 |       ||    14
         Distracted        |       |     1 |       |       ||     1
 Armour: Robe              |    47 |       |       |       ||    47
         Leather armour    |    29 |    92 |   107 |   118 ||   346
         Troll leather arm |       |       |       |    66 ||    66
  Dodge: Dodged            |    85 |   123 |   111 |   186 ||   505

Table legend: (Time is in decaauts)
 A = Elapsed time spent in this place.
 B = Non-inter-level travel time spent in this place.
 C = Inter-level travel time spent in this place.
 D = Time resting spent in this place.
 E = Time spent auto-exploring this place.
 F = Levels seen in this place.
 G = Mean time per level.
                   A        B        C        D        E       F      G
               +--------+--------+--------+--------+--------+-----+--------+
         Total |  13230 |  12943 |    287 |   4152 |   6490 |  13 | 1017.7 |
       Dungeon |  13209 |  12927 |    282 |   4152 |   6490 |  12 | 1100.8 |
        Temple |     21 |     16 |      5 |      0 |      0 |   1 |   21.0 |
               +--------+--------+--------+--------+--------+-----+--------+

Top non-repeatable levels by time:
    D:10: 2132 daAuts
     D:8: 1617 daAuts
     D:7: 1500 daAuts
     D:4: 1345 daAuts
     D:6: 1302 daAuts
     D:5: 1036 daAuts
    D:12: 959 daAuts
     D:1: 913 daAuts
     D:2: 858 daAuts
     D:3: 822 daAuts
     D:9: 377 daAuts
    D:11: 341 daAuts
  Temple: 21 daAuts
